 Dungeon Crawl Stone Soup version 0.30.0-20-g3615ddf2f0 (webtiles) character file.

Game seed: 7053802153259873994

37 qw the Chopper (level 3, 0/23 HPs)
             Began as a Gargoyle Fighter on June 1, 2023.
             Slain by a hobgoblin (3 damage)
             ... led by Robin
             ... on level 2 of the Dungeon.
             The game lasted 00:00:30 (1046 turns).

qw the Chopper (Gargoyle Fighter)                   Turns: 1046, Time: 00:00:30

Health: 0/23       AC: 10    Str: 21    XL:     3   Next: 41%
Magic:  3/3        EV:  9    Int:  8    God:
Gold:   117        SH:  4    Dex:  9    Spells: 2/2 levels left

rFire   . . .        Y - +0 war axe (freeze)
rCold   . . .        c - +0 buckler
rNeg    + . .        b - +0 scale mail
rPois   inf          (no helmet)
rElec   +            (no cloak)
rCorr   .            (no gloves)
SInv    .            (no boots)
Will    .....        (no amulet) Stlth
                     (no ring)
HPRegen 0.23/turn    (no ring)
MPRegen 0.08/turn

%: no passive effects
@: no status effects
A: sickness immunity, AC +3, negative energy resistance 1, electricity
resistance, torment resistance 1, petrification resistance
a: no special abilities


You were on level 2 of the Dungeon.
You visited 1 branch of the dungeon, and saw 2 of its levels.

You collected 117 gold pieces.


Innate Abilities, Weirdness & Mutations

You are immune to sickness and miasma.
Your stone body is resilient. (AC +3)
You are immune to poison.
You resist negative energy. (rN+)
You are resistant to electric shocks. (rElec)
You are resistant to unholy torment.
You are immune to petrification.


   Skills:
 - Level 3.2 Fighting
 + Level 3.4 Axes
 - Level 3.2 Armour
 - Level 3.2 Shields


You had 2 spell levels left.
You didn't know any spells.
Your spell library was empty.

Inventory:

Hand Weapons
 e - a +0 club
 Y - a +0 war axe of freezing (weapon)
Armour
 b - a +0 scale mail (worn)
 c - a +0 buckler (worn)
Potions
 d - a potion of might
 g - a potion of curing {unknown}
 i - a potion of cancellation {unknown}
 o - a potion of flight {unknown}

Dungeon Overview and Level Annotations

Branches:
Dungeon (2/15)

Altars:

Shops:
D:1 (


Message History

The goblin is severely wounded.
You hit the hobgoblin. You freeze the hobgoblin.
You kill the hobgoblin!
You hit the goblin. You freeze the goblin. You barely miss the hobgoblin.
You slash the hobgoblin! You freeze the hobgoblin.
You kill the hobgoblin!
You completely miss the goblin. The goblin closely misses you.
The hobgoblin hits you. You block the goblin's attack. The goblin misses you.
You hit the goblin. You freeze the goblin.
You kill the goblin!
You hit the goblin. You freeze the goblin. You barely miss the hobgoblin.
You hit the goblin. You freeze the goblin.
You kill the goblin!
Robin's horned helmet rattles.
The hobgoblin hits you but does no damage.
The goblin hits you but does no damage.
The goblin hits you with a +0 dagger of flaming.
The goblin burns you. Robin throws the goblin at you! The hobgoblin misses you.
You barely miss the hobgoblin.
The hobgoblin is heavily wounded.
You barely miss the goblin. You barely miss the hobgoblin. You hit Robin.
You freeze Robin. Robin barely misses you. You block the goblin's attack.
The hobgoblin hits you. You block the hobgoblin's attack.
You hit the hobgoblin but do no damage.
The hobgoblin is heavily wounded.
You completely miss the hobgoblin. You hit Robin. You freeze Robin.
You hit the goblin. You freeze the goblin.
You kill the goblin!
You block Robin's attack. The hobgoblin closely misses you.
The hobgoblin hits you but does no damage.
You hit Robin. You freeze Robin.
You kill Robin!
You closely miss the hobgoblin. You hit the hobgoblin.
You freeze the hobgoblin. You closely miss the rat. The rat bites you.
The hobgoblin hits you but does no damage.
The hobgoblin hits you.
You die...

#.......###
#)#
#.########
#.### #
#.#..
#.#.#####
#.#.....
#.#..#
######....#
#..%))...##
#..g@)...#
#..)gr..##
...........#
.......##+##
.......
..##### .


You could see 2 hobgoblins and a rat.

Vanquished Creatures
  Robin (D:2)
  A worm (D:2)
  A dart slug (D:1)
  2 ball pythons (D:1)
  8 goblins
  3 hobgoblins (D:2)
  4 kobolds
  4 quokkas
  2 bats (D:1)
  5 rats
31 creatures vanquished.

Notes
Turn   | Place    | Note
-------+----------+-------------------------------------------
     0 | D:1      | qw the Gargoyle Fighter began the quest for the Orb.
     0 | D:1      | Reached XP level 1. HP: 14/14 MP: 1/1
     0 | D:1      | 0 ||| qw: Version: 0.2-a-102-gfc559e5
     0 | D:1      | 0 ||| qw: Game counter: 669
     0 | D:1      | 0 ||| qw: Always use a shield: true
     0 | D:1      | 0 ||| qw: God list: Okawaru
     0 | D:1      | 0 ||| qw: Allow faded altars: false
     0 | D:1      | 0 ||| qw: Do Orc after D:15 true
     0 | D:1      | 0 ||| qw: Do second Lair branch before Depths: true
     0 | D:1      | 0 ||| qw: Lair rune preference: random
     0 | D:1      | 0 ||| qw: Plans: Normal, Zot:1-4, Slime:5, God:TSO, Crypt,
                  | Tomb, Pan, Hells, Abyss, Win
     0 | D:1      | 0 ||| PLANNING D:1-11
   298 | D:1      | Reached XP level 2. HP: 19/19 MP: 2/2
   692 | D:1      | Found Qosmanam's Antique Weapon Boutique.
   720 | D:1      | 720 ||| SHOPLISTING glowing war axe (149 gold, have 106).
   900 | D:1      | 900 ||| DROPPING orb of light.
   901 | D:1      | 901 ||| READING scroll labelled ZETOICSAGIRCH.
   902 | D:1      | 902 ||| READING scroll labelled WODDAZU VAYFYB.
   903 | D:1      | 903 ||| READING scroll labelled DOSUOC COPYLLI.
   904 | D:1      | 904 ||| READING scroll labelled BIC ITACIHA.
   905 | D:1      | 905 ||| READING 2 scrolls labelled DATITI SOEQUQUMU.
   906 | D:1      | 906 ||| READING scroll labelled VOUNAERIAP.
   915 | D:1      | 915 ||| READING scroll labelled CINKO EJOST.
   916 | D:1      | 916 ||| DRINKING 2 murky brown potions.
   917 | D:1      | 917 ||| DROPPING scroll of noise.
   918 | D:1      | 918 ||| DROPPING potion of brilliance.
   970 | D:2      | Reached skill level 3 in Axes
   977 | D:2      | Reached XP level 3. HP: 14/23 MP: 3/3
  1035 | D:2      | Noticed Robin
  1043 | D:2      | HP: 5/23 [Robin/goblin (3)]
  1046 | D:2      | Killed Robin
  1046 | D:2      | Slain by a hobgoblin

Levels and vault maps discovered:
D:1:      lightli_arrival_lavapool, layout_loops_corners, serial_shops,
          nicolae_shop_waterfront
D:2:      layout_basic, minmay_increasing_density, uniq_robin

Skill      XL: |  1  2 |
---------------+-------+-----
Axes           | 2 3 |  3.4
Fighting       | |  3.2
Armour         | |  3.2
Shields        | |  3.2

Action                     || total
---------------------------++-------
  Melee: War axe           ||    84
    Use: Scroll            ||     7
         Potion            ||     1
 Armour: Scale mail        ||    46
  Dodge: Dodged            ||    32
  Block: Buckler           ||    23

Table legend:
 A = Non-vault XP
 B = Vault XP
 C = Vault XP percentage of total XP
 D = Non-vault monster count
 E = Vault monster count
 F = Vault count percentage of total count
                 A         B        C        D         E       F
            +---------+---------+-------+---------+---------+-------
      Total |      37 |      32 |  46.4 |      21 |      10 |  32.3
            +---------+---------+-------+---------+---------+-------
        D:1 |      23 |       0 |   0.0 |      15 |       0 |   0.0
        D:2 |      14 |      32 |  69.6 |       6 |      10 |  62.5
            +---------+---------+-------+---------+---------+-------
